 Dungeon Crawl Stone Soup version 0.29.1-15-g9cfb28693d (webtiles) character file.

Game seed: 17661979498996170770

5411 BuddhaDhamma the Severer (level 10, -8/77 HPs)
             Began as a Minotaur Berserker on Mar 1, 2023.
             Was an Elder of Trog.
             Killed from afar by Erica (11 damage)
             ... with a lance of force
             ... on level 9 of the Dungeon.
             The game lasted 00:16:44 (7214 turns).

BuddhaDhamma the Severer (Minotaur Berserker)       Turns: 7214, Time: 00:16:44

Health: -8/77      AC: 13    Str: 26    XL:     10   Next: 40%
Magic:  9/9        EV:  7    Int:  4    God:    Trog [****..]
Gold:   453        SH:  0    Dex: 10    Spells: 9/9 levels left

rFire   . . .      SeeInvis +   y - +2 executioner's axe (elec)
rCold   . . .      Faith    .   (shield currently unavailable)
rNeg    . . .      Spirit   .   o - +0 plate armour
rPois   .          Reflect  .   (helmet restricted)
rElec   .          Harm     .   s - +0 cloak
rCorr   .          Rampage  .   q - +0 pair of gloves
Will    .....                   (no boots)
Stlth   ..........              a - amulet of regeneration
HPRegen 1.02/turn               f - ring of see invisible
MPRegen 0.11/turn               (no ring)

@: lethally poisoned (-8 -> -8), on berserk cooldown, slowed, very slow
A: horns 2, retaliatory headbutt
a: Renounce Religion, Berserk, Trog's Hand, Brothers in Arms


You were on level 9 of the Dungeon.
You worshipped Trog.
Trog was greatly pleased with you.
You visited 1 branch of the dungeon, and saw 9 of its levels.

You collected 453 gold pieces.

Inventory:

Hand Weapons
 y - a +2 executioner's axe of electrocution (weapon)
Missiles
 j - 24 poisoned darts (quivered)
 D - 6 atropa-tipped darts
Armour
 c - a +0 pair of gloves
 o - a +0 plate armour (worn)
 q - a +0 pair of gloves (worn)
 s - a +0 cloak (worn)
Jewellery
 a - an amulet of regeneration (around neck)
 d - an amulet of faith
 f - a ring of see invisible (left hand)
 C - an amulet of reflection
Wands
 t - a wand of acid (10)
 u - a wand of charming (14)
 v - a wand of mindburst (5)
 z - a wand of flame (15)
Scrolls
 p - 4 scrolls of teleportation
 w - a scroll of magic mapping
 x - a scroll of fear
 A - a scroll of fog
Potions
 b - 8 potions of curing
 e - 3 potions of brilliance
 g - 2 potions of berserk rage
 h - 3 potions of haste
 i - 2 potions of cancellation {unknown}
 k - a potion of flight {unknown}
 l - a potion of resistance {unknown}
 m - 2 potions of heal wounds
 n - 3 potions of magic
 r - 2 potions of lignification {unknown}


   Skills:
 - Level 3.6 Fighting
 + Level 18.2 Axes
 - Level 2.4 Armour
 - Level 2.1 Dodging


You had 9 spell levels left.
You didn't know any spells.
Your spell library was empty.

Dungeon Overview and Level Annotations

Branches:
Dungeon (9/15)             Temple (0/1) D:6
   Lair: D:8-11         Orc: D:9-12

Altars:
Fedhas
Kikubaaqudgha
Makhleb
Vehumet
The Shining One

Shops:
D:1 [   D:5 [

Annotations:
D:3 2 transporters, ChiefBigBeans's ghost, amateur MiHu
D:9 Erica


Innate Abilities, Weirdness & Mutations

You have a pair of horns on your head.
You reflexively headbutt those who attack you in melee.


Message History

You feel less confused. Erica barely misses you. You furiously retaliate!
You headbutt Erica! You closely miss Erica.
Erica is moderately wounded.
Erica gestures at you while chanting. The bolt of poison hits you!!
You are poisoned.
You slice Erica!!
Erica is almost dead.
You feel very sick.
Erica hits you with a +4 scimitar of flaming.
Erica burns you.
You barely miss Erica.
Erica is almost dead.
You feel very sick.
Erica hits you with a +4 scimitar of flaming.
* * * LOW HITPOINT WARNING * * *
Erica burns you.
* * * LOW HITPOINT WARNING * * *
You barely miss Erica. Your headbutt misses Erica.
Erica is almost dead.
You are no longer berserk.
You are exhausted.
You feel as though you will be slow longer.
You feel very sick. Erica hits you but does no damage.
You closely miss Erica.
Erica is almost dead.
You feel very sick. Erica barely misses you.
You barely miss Erica. Your headbutt misses Erica.
Erica is almost dead.
You feel sick.
Erica hits you with a +4 scimitar of flaming!
* * * LOW HITPOINT WARNING * * *
Erica burns you.
* * * LOW HITPOINT WARNING * * *
Erica casts a spell at you. The lance of force hits you!
You die...

.....#.##.#...#.#..######
###.## .+....(..+.##
?.####'######
#.........#.#
#...........#
...........#####
#..............##
#######......#..##
.........@@.....#
..............###
..###.###.##### ....
#..># .....##...# ...
#.((...# ## #.##...# #
#...# #####


You could see Erica (invisible).

Vanquished Creatures
  A two-headed ogre (D:8)
  Maggie (D:8)
  An unseen horror zombie (D:8)
  A troll (D:8)
  Prince Ribbit (D:7)
  4 yaks (D:8)
  A steam dragon (D:8)
  An acid dragon (D:9)
  Duvessa (D:5)
  2 water moccasins
  An orc warrior (D:8)
  An ice beast (D:7)
  A sky beast (D:8)
  2 ogres
  A phantom (D:5)
  2 kobold brigands
  A bullfrog (D:9)
  5 necrophages
  A wyvern zombie (D:8)
  A gnoll sergeant (D:8)
  13 wights (D:8)
  Dowan (D:5)
  A human zombie (D:8)
  A centaur zombie (D:8)
  2 orc priests
  4 hounds
  A gnoll bouda (D:7)
  Crazy Yiuf (D:3)
  3 iguanas
  Natasha (thrice) (D:3)
  8 orc wizards
  2 mummies (D:8)
  2 howler monkey zombies (D:8)
  8 gnolls
  4 adders
  A shadow imp (D:5)
  A white imp (D:6)
  An ufetubus (D:5)
  3 worms
  A dart slug (D:5)
  14 orcs
  9 endoplasms
  3 giant cockroaches
  7 goblins
  6 hobgoblins
  3 jackals (D:1)
  5 quokkas
  4 ball pythons
  16 frilled lizards
  20 kobolds
  3 rats
181 creatures vanquished.

Vanquished Creatures (others)
  A plant (D:3)
1 creature vanquished.

Grand Total: 182 creatures vanquished

Notes
Turn   | Place    | Note
-------+----------+-------------------------------------------
     0 | D:1      | BuddhaDhamma the Minotaur Berserker began the quest for the
                  | Orb.
     0 | D:1      | Reached XP level 1. HP: 19/19 MP: 0/0
    27 | D:1      | Found Boch's Antique Armour Emporium.
    69 | D:1      | Reached skill level 4 in Axes
   119 | D:1      | Reached XP level 2. HP: 26/26 MP: 1/1
   682 | D:1      | Reached skill level 5 in Axes
   828 | D:1      | Reached XP level 3. HP: 24/31 MP: 2/2
  1217 | D:2      | Reached ** piety under Trog
  1451 | D:2      | Found a faded altar of an unknown god.
  1860 | D:2      | Reached skill level 6 in Axes
  1860 | D:2      | Reached XP level 4. HP: 30/39 MP: 3/3
  2171 | D:3      | Noticed Natasha
  2174 | D:3      | Killed Natasha
  2326 | D:3      | Found a runed translucent door.
  2327 | D:3      | Noticed Crazy Yiuf
  2407 | D:3      | Found a transporter.
  2407 | D:3      | Found a transporter.
  2408 | D:3      | Noticed ChiefBigBeans's ghost (amateur MiHu)
  2408 | D:3      | Noticed an ogre
  2409 | D:3      | Identified the +3 dire flail of the Fool {elec, *Slow rN+++
                  | Str+6 Stlth-}
  2409 | D:3      | Noticed an ogre
  2411 | D:3      | Noticed an ogre
  2526 | D:3      | Noticed Natasha
  2536 | D:3      | Killed Natasha
  2537 | D:3      | Reached skill level 7 in Axes
  2537 | D:3      | Reached XP level 5. HP: 26/45 MP: 4/4
  2662 | D:3      | Noticed Natasha
  2668 | D:3      | Killed Natasha
  2849 | D:3      | Reached *** piety under Trog
  3183 | D:3      | Killed Crazy Yiuf
  3464 | D:4      | Reached skill level 8 in Axes
  3467 | D:4      | Reached XP level 6. HP: 43/51 MP: 5/5
  3693 | D:4      | Reached skill level 9 in Axes
  4016 | D:5      | Entered Level 5 of the Dungeon
  4022 | D:5      | Reached XP level 7. HP: 47/57 MP: 6/6
  4035 | D:5      | Found Ixaping's Armour Shop.
  4061 | D:5      | Reached skill level 10 in Axes
  4143 | D:5      | Found a glowing golden altar of the Shining One.
  4340 | D:5      | Noticed Duvessa
  4340 | D:5      | Noticed Dowan
  4345 | D:5      | Reached skill level 11 in Axes
  4361 | D:5      | Killed Dowan
  4368 | D:5      | HP: 2/57 [Duvessa/+0 short sword (4)]
  4369 | D:5      | Killed Duvessa
  4597 | D:5      | Reached XP level 8. HP: 64/64 MP: 7/7
  4746 | D:6      | Found a staircase to the Ecumenical Temple.
  4863 | D:6      | Reached skill level 12 in Axes
  5014 | D:6      | Found a radiant altar of Vehumet.
  5563 | D:7      | Noticed Prince Ribbit
  5572 | D:7      | Killed Prince Ribbit
  5573 | D:7      | Reached skill level 13 in Axes
  5627 | D:7      | Found a blossoming altar of Fedhas.
  5660 | D:7      | You fall into a shaft and drop 2 floors!
  5665 | D:8      | Noticed Maggie
  5680 | D:8      | Killed Maggie
  5681 | D:8      | Reached skill level 14 in Axes
  5681 | D:8      | Reached XP level 9. HP: 70/70 MP: 8/8
  5747 | D:8      | Reached **** piety under Trog
  6067 | D:7      | Reached skill level 15 in Axes
  6315 | D:7      | Identified a scroll of acquirement
  6315 | D:7      | Acquired a +2 executioner's axe of electrocution
  6350 | D:8      | Reached skill level 16 in Axes
  6424 | D:8      | Found an ancient bone altar of Kikubaaqudgha.
  6561 | D:8      | Reached skill level 17 in Axes
  6597 | D:8      | Reached XP level 10. HP: 77/77 MP: 9/9
  6844 | D:8      | Noticed a two-headed ogre
  6858 | D:8      | Killed a two-headed ogre
  6987 | D:8      | Reached skill level 18 in Axes
  7144 | D:9      | Found a burning altar of Makhleb.
  7191 | D:9      | Noticed Erica
  7214 | D:9      | HP: 3/77 [Erica/+4 scimitar of flaming (3)]
  7214 | D:9      | Killed from afar by Erica

Illustrated notes

Levels and vault maps discovered:
D:1:      dpeg_arrival_solitude, layout_basic, serial_shops, shop,
          minmay_strange_pillars
D:2:      minmay_razor_zed, layout_basic,
          shapermc_ecumenical_altar_starsandcircs, minmay_lizard_pond
D:3:      layout_loops_corners, gammafunk_ghost_smash, serial_bayou_crossing,
          uniq_crazy_yiuf_cottage, uniq_natasha
D:4:      layout_loops_cross, chequers_mini_garden
D:5:      layout_rooms, mainiacjoe_overflow_alcove_2, serial_shops,
          nicolae_take_the_stairs, uniq_duvessa
D:6:      hellmonk_ruined_rings, layout_basic, vehumet_altar_wand_db,
          chequers_garden
D:7:      layout_rooms, old_standard_altar, kennysheep_donut,
          grunt_ministairs_13, kennysheep_big_empty_room, uniq_prince_ribbit1
D:8:      layout_cave_pods, lemuel_mausoleum_altar_kikubaaqudgha, uniq_maggie
D:9:      layout_rooms, mainiacjoe_overflow_six_doors_small,
          david_lair_shrubbed, david_orc_4, serial_shops, shop_statue,
          uniq_erica

Skill      XL: |  1  2  3  4  5  6  7  8  9 10 |
---------------+-------------------------------+-----
Axes           | 4 5 6 7 8 9 11 14 17 18 | 18.2
Fighting       | |  3.6
Armour         | |  2.4
Dodging        | |  2.1

Action                   |  1- 3 |  4- 6 |  7- 9 | 10-12 || total
-------------------------+-------+-------+-------+-------++-------
Melee: Hand axe          |   119 |    93 |   118 |       ||   330
       Headbutt          |    10 |     9 |    35 |     8 ||    62
       Punch             |       |       |     2 |       ||     2
       Executioner's axe |       |       |    42 |    48 ||    90
       Battleaxe         |       |       |    40 |       ||    40
Throw: Dart              |       |       |    12 |     2 ||    14
Invok: Berserk           |       |     1 |     3 |     2 ||     6
  Use: Scroll            |       |    10 |     7 |       ||    17
       Potion            |       |       |       |     1 ||     1
Armor: Animal skin       |     1 |       |       |       ||     1
       Leather armour    |     7 |       |       |       ||     7
       Chain mail        |    13 |    20 |       |       ||    33
       Ring mail         |    10 |       |       |       ||    10
       Plate armour      |       |    12 |   100 |    21 ||   133
Dodge: Dodged            |    52 |    20 |    63 |    16 ||   151
